 Dungeon Crawl Stone Soup version 0.21.1-1-g345015f (webtiles) character file.

168 cultivahabas the Slasher (level 5, -1/42 HPs)
             Began as a Human Berserker on May 15, 2018.
             Was a Follower of Trog.
             Slain by a gnoll
             ... wielding a +3 halberd
              (10 damage)
             ... on level 3 of the Dungeon.
             The game lasted 00:04:07 (2590 turns).

cultivahabas the Slasher (Human Berserker)          Turns: 2590, Time: 00:04:07

Health: -1/42      AC:  8    Str: 18    XL:     5   Next: 78%
Magic:  5/5        EV: 10    Int: 10    God:    Trog [*.....]
Gold:   99         SH:  0    Dex: 13    Spells: 4/4 levels left

rFire    . . .     SeeInvis .   a - +0 falchion
rCold    . . .     Gourm    .   (no shield)
rNeg     . . .     Faith    .   f - +0 scale mail
rPois    .         Spirit   .   (no helmet)
rElec    .         Reflect  .   (no cloak)
rCorr    .         Harm     .   e - +0 pair of gloves
MR       .....                  g - +0 pair of boots
Stlth    ..........             (no amulet)
HPRegen  0.14/turn              d - +3 ring of intelligence
MPRegen  0.09/turn              (no ring)

@: no status effects
A: no striking features
a: Berserk, Burn Spellbooks, Renounce Religion


You were on level 3 of the Dungeon.
You worshipped Trog.
Trog was aware of your devotion.
You were very hungry.

You visited 1 branch of the dungeon, and saw 3 of its levels.

You collected 99 gold pieces.

Inventory:

Hand Weapons
 a - a +0 falchion (weapon)
Missiles
 l - 61 stones (quivered)
Armour
 e - a +0 pair of gloves (worn)
 f - a +0 scale mail (worn)
 g - a +0 pair of boots (worn)
Jewellery
 d - a +3 ring of intelligence (left hand)
 j - an uncursed ring of wizardry {unknown}
Wands
 k - a wand of flame (22)
Potions
 b - a potion of heal wounds {unknown}
 h - a potion of flight {unknown}
 i - a potion of magic {unknown}
Comestibles
 c - 5 rations


   Skills:
 + Level 4.2 Fighting
 * Level 5.2 Long Blades
 - Level 2.0 Armour
 - Level 2.0 Dodging


You had 4 spell levels left.
You didn't know any spells.

Dungeon Overview and Level Annotations

Branches:
Dungeon (3/15)

Altars:


Message History

You feel sick. The gnoll hits you but does no damage.
A frilled lizard comes into view.
The gnoll completely misses you.
Things that are here:
a club; a goblin corpse You see here an adder corpse.
You butcher the adder corpse.
The gnoll hits you from afar with an enchanted halberd.
* * * LOW HITPOINT WARNING * * *
You see here a chunk of flesh.
m - a chunk of flesh You feel sick.
You are no longer poisoned.
The gnoll misses you. The gnoll closely misses you.
Eat a chunk of flesh? (ye/n/q)
You eat the chunk of flesh.
This raw flesh tastes terrible.
You are feeling very hungry.
The gnoll closely misses you.
The gnoll hits you from afar with an enchanted halberd!
You die...

................
......#.#.......
......#.#.....##.
.........^......
###..............
.................
.......).S.......
.......@)g..).##.
......###g.......
..........g....#.
......#####....#
.... .l.... ##
..... ..... l...
....


You could see 3 gnolls, an adder and a frilled lizard.

Vanquished Creatures
  A phantom (D:2)
  4 adders
  2 oozes
  A worm (D:2)
  A dart slug (D:1)
  2 leopard geckos (D:2)
  An orc (D:3)
  3 giant cockroaches
  5 goblins
  2 hobgoblins
  A quokka (D:2)
  2 kobolds (D:1)
  12 rats
37 creatures vanquished.

Notes
Turn   | Place    | Note
-------+----------+-------------------------------------------
     0 | D:1      | cultivahabas the Human Berserker began the quest for the Orb.
     0 | D:1      | Reached XP level 1. HP: 18/18 MP: 1/1
   123 | D:1      | Reached XP level 2. HP: 23/24 MP: 2/2
   747 | D:1      | Reached XP level 3. HP: 29/29 MP: 3/3
   922 | D:2      | HP: 1/29 [poisoned by an adder]
  1342 | D:2      | Reached skill level 4 in Long Blades
  1730 | D:2      | Reached XP level 4. HP: 33/35 MP: 4/4
  2171 | D:2      | Noticed a phantom
  2199 | D:2      | Killed a phantom
  2199 | D:2      | Reached skill level 5 in Long Blades
  2199 | D:2      | Reached XP level 5. HP: 13/42 MP: 5/5
  2590 | D:3      | Slain by a gnoll

Skill      XL: |  1  2  3  4 |
---------------+-------------+-----
Long Blades    | 4 5 |  5.2
Fighting       | 4 |  4.2
Armour         | |  2.0
Dodging        | |  2.0

Action                   |  1- 3 |  4- 6 || total
-------------------------+-------+-------++-------
Melee: Falchion          |    76 |    56 ||   132
Invok: Berserk           |     1 |       ||     1
  Eat: Chunk             |     2 |     3 ||     5
Armor: Ring mail         |    15 |       ||    15
       Scale mail        |     4 |    16 ||    20
Dodge: Dodged            |    47 |    36 ||    83
       Rpst.: Falchion   |    19 |    14 ||    33
